 Dungeon Crawl Stone Soup version 0.31-a0-986-g5e6e4ef867 (webtiles) character file.

Game seed: 13951342825133715240

72 BigDaddyOpFi the Shield-Bearer (level 4, -1/31 HPs)
             Began as an Octopode Fighter on Nov 3, 2023.
             Slain by a gnoll
             ... wielding a +0 spear
              (8 damage)
             ... on level 3 of the Dungeon.
             The game lasted 00:01:15 (1979 turns).

BigDaddyOpFi the Shield-Bearer (Octopode Fighter)   Turns: 1979, Time: 00:01:15

Health: -1/31      AC:  1    Str: 17    XL:     4   Next: 25%
Magic:  4/4        EV: 13    Int: 10    God:
Gold:   99         SH:  4    Dex: 11    Spells: 3/3 levels left

rFire   . . .        a - +0 war axe
rCold   . . .        b - +0 buckler
rNeg    . . .        (helmet restricted)
rPois   .            (no amulet)
rElec   .            (no ring)
rCorr   .            (no ring)
SInv    .            (no ring)
Will    .....        (no ring)
Stlth   ++           (no ring)
HPRegen 0.25/turn    (no ring)
MPRegen 0.09/turn    (no ring)
                     (no ring)

%: no passive effects
@: mighty
A: almost no armour, amphibious, 8 rings, camouflage 1, gelatinous body 1,
(nimble swimmer 1), tentacles
a: no special abilities


You were on level 3 of the Dungeon.
You visited 1 branch of the dungeon, and saw 3 of its levels.

You collected 99 gold pieces.

Inventory:

Hand Weapons
 a - a +0 war axe (weapon)
Missiles
 k - a throwing net
Armour
 b - a +0 buckler (worn)
Jewellery
 l - an amulet of the acrobat
Scrolls
 d - 3 scrolls of identify
 e - a scroll of enchant weapon
 g - a scroll of noise {unknown}
 h - a scroll of vulnerability {unknown}
Potions
 c - a potion of might
 f - a potion of heal wounds {unknown}
 i - a potion of curing {unknown}
 j - a potion of mutation {unknown}


   Skills:
 + Level 3.5 Fighting
 + Level 2.7 Axes
 + Level 3.5 Dodging
 + Level 3.5 Shields


You had 3 spell levels left.
You didn't know any spells.
Your spell library contained the following spells:

 Spells                   Type           Power      Damage    Failure   Level
 Summon Small Mammal      Summ           0%         N/A       43%         1
 Call Canine Familiar     Summ           0%         N/A       82%         3
 Summon Guardian Golem    Hex/Summ       0%         N/A       82%         3


Dungeon Overview and Level Annotations

Branches:
Dungeon (3/15)

Altars:


Innate Abilities, Weirdness & Mutations

You cannot wear most types of armour.
You are amphibious.
You can wear up to eight rings at the same time.
Your skin changes colour to match your surroundings (Stealth+).
Your rubbery body absorbs attacks. (AC +1, EV +1)
((You are camouflaged when in or above water. (Stealth+)))
You have tentacles for arms and can constrict up to eight enemies at once.


Message History

The adder closely misses you. The adder bites you.
A gnoll comes into view. It is wielding a +0 spear.
The gnoll shouts!
You slash the adder! Your grab misses the adder.
You squeeze the adder, but do no damage.
The adder is severely wounded.
The adder bites you.
You miss the adder. Your grab misses the adder.
The adder is severely wounded.
The adder misses you. You block the adder's attack.
You hit the adder.
You kill the adder!
A gnoll comes into view. It is wielding a +0 flail.
The gnoll hits you with a +0 flail.
You barely miss the gnoll. Your grab misses the gnoll.
You block the gnoll's attack.
You hit the gnoll. Your grab misses the gnoll.
The gnoll is lightly wounded.
The gnoll barely misses you. The gnoll closely misses you.
The gnoll hits you with a +0 flail!
* * * LOW HITPOINT WARNING * * *
A gnoll comes into view. It is wielding a +0 spear.
You are too injured to fight recklessly!
You are too injured to fight recklessly!
You are too injured to fight recklessly!
You are too injured to fight recklessly!
You are too injured to fight recklessly!
You are too injured to fight recklessly!
You are too injured to fight recklessly!
You are too injured to fight recklessly!
You feel very mighty all of a sudden.
The gnoll hits you from afar with a +0 spear.
* * * LOW HITPOINT WARNING * * *
As you read the scroll labelled UCLUARGHI WIRA, it crumbles to dust.
It is a scroll of identify.
e - a scroll of enchant weapon The gnoll shouts!
The gnoll barely misses you.
The gnoll hits you from afar with a +0 spear!
You die...

.#.# #.# ####.#.## ..#
#.# #.......# #># #.#
#.......# #.# #.#
##........ #.# #.#
#........# #.# #.#
#.†.....g. #.# #.#
#......... #.#
##.###.@g...#..
####.#####.#.##.#.#.##
..........###.....g..#
####.......#.##.###....
# ########....... .(...
# #####......... #
########## #


You could see 3 gnolls.

Vanquished Creatures
  2 adders
  A worm (D:2)
  5 ball pythons (D:1)
  8 endoplasms
  7 goblins
  3 hobgoblins
  3 jackals (D:1)
  A kobold (D:2)
  A quokka (D:1)
  7 bats
  5 frilled lizards
  3 rats
46 creatures vanquished.

Notes
Turn   | Place    | Note
-------+----------+-------------------------------------------
     0 | D:1      | BigDaddyOpFi the Octopode Fighter began the quest for the
                  | Orb.
     0 | D:1      | Reached XP level 1. HP: 16/16 MP: 1/1
    76 | D:1      | Reached XP level 2. HP: 19/21 MP: 2/2
   406 | D:1      | Reached XP level 3. HP: 24/26 MP: 3/3
  1632 | D:2      | Reached XP level 4. HP: 30/31 MP: 4/4
  1979 | D:3      | Slain by a gnoll

Illustrated notes

Levels and vault maps discovered:
D:1:      lightli_arrival_windingriver, layout_basic, minmay_tetromino_l4
D:2:      minmay_skewed_foursquare, layout_basic
D:3:      layout_loops_ring

Action                     |  1- 3 |  4- 6 || total
---------------------------+-------+-------++-------
  Melee: War axe           |    76 |     9 ||    85
         Constrict         |    13 |     1 ||    14
         Tentacles         |    10 |     3 ||    13
    Use: Scroll            |       |     1 ||     1
         Potion            |       |     1 ||     1
   Stab: Sleeping          |     3 |     3 ||     6
 Armour: Skin              |    31 |     6 ||    37
  Dodge: Dodged            |    58 |     5 ||    63
  Block: Buckler           |    13 |     2 ||    15

Table legend: (Time is in decaauts)
 A = Elapsed time spent in this place.
 B = Non-inter-level travel time spent in this place.
 C = Inter-level travel time spent in this place.
 D = Time resting spent in this place.
 E = Time spent auto-exploring this place.
 F = Levels seen in this place.
 G = Mean time per level.
                   A        B        C        D        E       F      G
               +--------+--------+--------+--------+--------+-----+--------+
         Total |   2014 |   1969 |     45 |      0 |   1697 |   3 |  671.3 |
       Dungeon |   2014 |   1969 |     45 |      0 |   1697 |   3 |  671.3 |
               +--------+--------+--------+--------+--------+-----+--------+

Top non-repeatable levels by time:
     D:1: 1017 daAuts
     D:2: 956 daAuts
     D:3: 39 daAuts
